Map: Acid Plant LE

Players

LiquidTLO (TLO) - Winner!

  • Race: Zerg Zerg
  • Spawn Location: 11:00

Light

  • Race: Protoss Protoss
  • Spawn Location: 5:00

Event: WCS Valencia 2018

VOD

Have the link to the VOD?

Description

Time

  • Played on: July 12, 2018, 7:07 a.m.
  • Length: 10:06

All games in this series

Show
View Real Time Build Order
Export as new Build Order

LiquidTLO Zerg - Winner!

Build Orders: Hatch First, Lurkers, Roach Hydra 

Get SALT Encoding   

  12  0:01  Drone  
  13  0:08  Drone  
  14  0:17  Overlord  
  14  0:36  Drone x2  
  16  0:48  Hatchery  
  15  0:51  Drone  
  15  0:55  Drone  
  17  1:00  Drone  
  18  1:07  Extractor  
  17  1:15  Spawning Pool  
  17  1:18  Drone  
  17  1:22  Drone  
  18  1:31  Drone  
  19  1:42  Drone  
  20  2:01  Queen x2  
  20  2:02  Zergling x4  
  20  2:04  Drone  
  20  2:07  Metabolic Boost  
  27  2:12  Overlord  
  27  2:15  Drone  
  28  2:31  Drone x2  
  28  2:33  Drone  
  31  2:42  Drone  
  32  2:45  Hatchery  
  32  2:48  Queen  
  33  2:55  Overlord  
  33  2:56  Drone  
  34  3:01  Drone  
  34  3:03  Drone  
  35  3:09  Overlord  
  35  3:14  Drone x2  
  35  3:16  Drone  
  35  3:18  Drone  
  35  3:19  Drone  
  40  3:23  Drone  
  40  3:24  Queen  
  40  3:26  Drone  
  44  3:35  Drone  
  44  3:38  Zergling x2  
  46  3:44  Drone  
  46  3:46  Drone x3  
  50  3:50  Spore Crawler  
  50  3:51  Spore Crawler, Drone x2  
  50  3:53  Overlord  
  50  3:56  Drone  
  51  4:03  Spore Crawler  
  50  4:10  Evolution Chamber  
  50  4:11  Queen  
  50  4:13  Drone  
  50  4:14  Drone  
  50  4:15  Zergling x2, Drone  
  55  4:18  Drone  
  55  4:22  Drone  
  57  4:26  Drone x2, Roach Warren  
  58  4:31  Overlord  
  58  4:32  Lair  
  58  4:35  Zerg Missile Weapons Level 1  
  58  4:37  Extractor x2  
  56  4:40  Overlord  
  56  4:45  Overlord, Drone  
  57  4:46  Drone  
  57  4:51  Drone x5  
  63  4:52  Drone  
  63  4:54  Drone  
  63  4:57  Extractor  
  63  5:00  Drone x2  
  63  5:02  Drone x2  
  63  5:05  Zergling x2, Drone  
  69  5:08  Drone  
  69  5:10  Drone  
  69  5:13  Drone  
  72  5:14  Extractor  
  72  5:15  Zergling x2  
  72  5:21  Drone x2  
  73  5:23  Overlord  
  73  5:24  Roach x2  
  73  5:25  Overlord  
  73  5:26  Roach  
  81  5:28  Roach  
  81  5:33  Glial Reconstitution  
  81  5:36  Overlord  
  81  5:42  Pneumatized Carapace  
  81  5:44  Roach x4  
  81  5:46  Drone  
  81  5:49  Roach  
  92  5:52  Roach x2  
  92  5:53  Roach  
  92  5:56  Roach  
  100  6:01  Roach  
  102  6:05  Roach x2  
  102  6:08  Overlord  
  102  6:09  Overlord  
  106  6:14  Overlord  
  106  6:15  Hatchery  
  105  6:27  Roach  
  105  6:28  Roach x6  
  119  6:35  Zerg Missile Weapons Level 2  
  119  6:36  Extractor  
  119  6:37  Baneling Nest  
  117  6:41  Zergling x2, Drone  
  119  6:49  Drone x2  
  119  6:50  Drone x2  
  119  6:54  Hydralisk Den, Drone  
  123  7:07  Roach  
  125  7:08  Drone  
  125  7:09  Drone  
  125  7:15  Drone  
  128  7:16  Overlord  
  128  7:21  Centrifical Hooks, Drone  
  128  7:22  Zergling x2  
  130  7:24  Overlord  
  130  7:25  Overlord  
  130  7:26  Overlord  
  130  7:31  Overlord  
  130  7:32  Overlord  
  130  7:34  Grooved Spines  
  130  7:35  Extractor  
  128  7:37  Lurker Den, Hydralisk  
  128  7:38  Hydralisk x6  
  128  7:41  Baneling x2  
  141  7:48  Hydralisk x3  
  141  7:50  Hydralisk  
  141  7:51  Hydralisk  
  140  7:57  Hydralisk x2  
  143  8:01  Hydralisk  
  143  8:03  Hydralisk  
  143  8:04  Zergling x2, Drone x2  
  149  8:06  Drone  
  149  8:07  Drone  
  149  8:09  Drone  
  149  8:10  Drone  
  149  8:11  Drone  
  149  8:12  Drone  
  155  8:13  Drone  
  155  8:16  Drone  
  155  8:17  Zergling x2  
  155  8:18  Zergling x4  
  155  8:19  Zergling x2  
  161  8:23  Zergling x4  
  163  8:30  Hydralisk  
  163  8:31  Hydralisk  
  167  8:38  Hydralisk x2  
  167  8:39  Zergling x2  
  172  8:42  Overlord  
  172  8:43  Baneling  
  172  8:44  Baneling  
  172  8:49  Muscular Augments  
  172  8:50  Hydralisk x2  
  172  8:51  Zergling x2  
  172  8:53  Zergling x2  
  172  8:54  Zergling x2  
  172  8:55  Extractor  
  178  8:59  Zergling x2  
  179  9:03  Zergling x2  
  179  9:04  Zergling x2  
  171  9:11  Lurker x5  
  171  9:13  Zergling x2  
  171  9:14  Overseer x2  
  177  9:19  Zergling x2  
  177  9:20  Zergling x2  
  177  9:21  Lurker  
  180  9:25  Zergling x4, Hatchery  
  180  9:27  Zergling x2, Infestation Pit  
  180  9:28  Zergling x2  
  180  9:29  Zergling x2  
  180  9:30  Spore Crawler  
  180  9:31  Zergling x6  
  184  9:36  Zergling x4  
  187  9:39  Hydralisk x2  
Show
View Real Time Build Order
Export as new Build Order

Light Protoss 

Build Orders: 1 Gate Expand, Oracle Opening, Phoenix Opening 

Get SALT Encoding   

  12  0:00  Probe  
  13  0:12  Probe  
  14  0:20  Pylon  
  14  0:24  Probe  
  15  0:34  Probe  
  15  0:42  Probe  
  16  0:45  Gateway  
  16  0:49  Assimilator  
  17  0:52  Probe  
  18  1:04  Probe  
  19  1:16  Probe  
  20  1:27  Nexus  
  20  1:30  Probe  
  21  1:44  Probe  
  21  1:45  Cybernetics Core  
  22  1:52  Pylon  
  22  1:57  Assimilator  
  22  2:00  Probe  
  23  2:08  Probe  
  23  2:12  Adept  
  24  2:16  Probe  
  27  2:24  Stargate  
  27  2:27  Probe  
  27  2:29  Warp Gate  
  28  2:35  Adept  
  30  2:45  Probe x2  
  32  2:55  Adept  
  32  2:57  Probe x2  
  34  3:04  Phoenix  
  36  3:09  Probe x2  
  40  3:21  Probe  
  40  3:22  Probe  
  40  3:24  Robotics Facility  
  42  3:28  Pylon  
  42  3:33  Probe x2  
  44  3:41  Probe  
  44  3:45  Probe  
  44  3:46  Oracle  
  49  3:50  Pylon, Probe  
  50  3:57  Probe  
  50  4:02  Probe  
  52  4:04  Assimilator  
  52  4:09  Probe  
  53  4:13  Gateway x2  
  53  4:17  Probe  
  53  4:22  Probe  
  55  4:25  Nexus  
  55  4:32  Probe  
  55  4:33  Pylon  
  55  4:34  Probe  
  55  4:35  Assimilator  
  57  4:40  Immortal  
  61  4:50  Probe x2  
  62  5:02  Probe  
  62  5:03  Probe  
  62  5:04  Twilight Council  
  62  5:05  Forge  
  64  5:09  Sentry  
  64  5:11  Sentry x2  
  64  5:12  Robotics Facility  
  70  5:26  Pylon  
  70  5:27  Pylon  
  70  5:30  Observer  
  70  5:32  Pylon  
  70  5:38  Probe x2  
  70  5:39  Probe  
  70  5:42  Protoss Ground Weapons Level 1, Charge  
  74  5:46  Pylon  
  74  5:49  Immortal, Probe x3  
  74  5:55  Immortal  
  81  5:57  Probe x3  
  88  6:05  Probe x2  
  88  6:11  Gateway, Probe  
  90  6:12  Gateway  
  90  6:17  Shield Battery  
  91  6:23  Photon Cannon  
  91  6:27  Photon Cannon  
  91  6:28  Observer, Probe  
  91  6:29  Shield Battery, Probe  
  91  6:30  Probe  
  95  6:40  Probe  
  95  6:41  Probe  
  95  6:42  Assimilator, Probe  
  95  6:43  Gateway  
  95  6:45  Gateway  
  98  6:48  Assimilator  
  98  6:53  Probe x2  
  100  7:05  Pylon  
  100  7:10  Photon Cannon  
  100  7:12  Photon Cannon, Templar Archives  
  100  7:15  Photon Cannon  
  100  7:20  Pylon  
  100  7:22  Probe x2  
  102  7:23  Fleet Beacon  
  102  7:28  Immortal x2  
  102  7:29  Probe  
  111  7:34  Probe x2  
  113  7:37  Stargate  
  113  7:39  Stargate  
  113  7:40  Stargate  
  113  7:50  Zealot x3  
  113  7:51  Zealot x4  
  112  7:59  Probe x3  
  115  8:09  Tempest  
  121  8:14  Stalker x3  
  121  8:15  Stalker x2  
  121  8:18  Probe x2  
  133  8:28  Carrier, Pylon  
  133  8:30  Pylon  
  133  8:34  Carrier  
  133  8:35  Pylon  
  153  9:07  Sentry x3  
  157  9:22  Pylon  
  157  9:23  Pylon  
  157  9:24  Nexus, Pylon  
  157  9:25  Pylon  
  157  9:29  Pylon  
  157  9:33  Assimilator  
  157  9:39  Assimilator  
  124  10:00  Zealot x7  
Tags
 
Add a new tag
Caveats
  • Supply blocks, unpowered buildings, or Contaminate may cause inaccurate times.
  • Supply counts are checked every 10 seconds.